 Dungeon Crawl Stone Soup version 0.15.2 (webtiles) character file.

15085 kekRU the Conjurer (level 12, -21/68 HPs)
             Began as a Gargoyle Fire Elementalist on Dec 5, 2014.
             Was an Elder of Vehumet.
             Killed from afar by a lindwurm (37 damage)
             ... with a blast of flame
             ... on Level 3 of the Lair of Beasts.
             The game lasted 01:16:01 (19693 turns).

kekRU the Conjurer (Gargoyle Fire Elementalist)    Turns: 19693, Time: 01:16:20

HP -21/68        AC 16     Str 11      XL: 12   Next: 23%
MP  11/23        EV 12     Int 22      God: Vehumet [****..]
Gold 560         SH  4     Dex 10      Spells:  7 memorised,  0 levels left

rFire  . . .     SeeInvis .     d - +1 whip
rCold  . . .     Clarity  .     n - +0 leather armour
rNeg   + + .     rCorr    .     e - +0 buckler
rPois  +         rRot     +     N - +0 helmet
rElec  +         Spirit   .     (no cloak)
SustAb .         Warding  +     b - +0 pair of gloves
rMut   .         Stasis   .     R - +0 pair of boots
Gourm  .                        S - amulet of warding
MR     +....                    P - ring of stealth
                                u - ring of protection from magic

@: somewhat resistant to hostile enchantments, fairly stealthy
A: negative energy resistance 1, electricity resistance, unbreathing,
petrification resistance, rot immunity, AC +8
a: Renounce Religion


You were on level 3 of the Lair of Beasts.
You worshipped Vehumet.
Vehumet was greatly pleased with you.
You were hungry.

You visited 2 branches of the dungeon, and saw 14 of its levels.
You also visited: Sewer.

You collected 560 gold pieces.

Inventory:

Hand weapons
 d - a +1 whip (weapon)
Armour
 b - a +0 pair of gloves (worn)
 e - a +0 buckler (worn)
 n - a +0 leather armour (worn)
 N - a +0 helmet (worn)
 R - a +0 pair of boots (worn)
Magical devices
 x - a wand of fire (4)
 y - a wand of flame (10)
 B - a wand of frost (14)
 J - a wand of digging (14)
 V - a wand of cold (2)
Comestibles
 g - a chunk of quokka flesh
 i - 6 meat rations
 o - 11 bread rations
 D - a beef jerky
Scrolls
 l - 2 scrolls of recharging
 C - a scroll of remove curse
 K - 2 scrolls of teleportation
 L - a scroll of amnesia
Jewellery
 a - an uncursed ring of sustain abilities
 p - an uncursed ring of teleportation
 q - an uncursed ring of flight
 u - a ring of protection from magic (left hand)
 P - a ring of stealth (right hand)
 S - an amulet of warding (around neck)
Potions
 c - a potion of haste
 f - 11 potions of curing
 h - 2 potions of agility
 r - 2 potions of resistance
 w - a potion of berserk rage
 A - 2 potions of heal wounds
 E - 2 potions of cancellation
 F - 2 potions of brilliance
 U - a potion of confusion {unknown}
 X - a potion of degeneration
Rods
 k - a -3 lightning rod (11/11)
   (You found it on level 1 of the Lair of Beasts)


   Skills:
 + Level 5.2 Fighting
 + Level 4.5 Maces & Flails
 + Level 5.1 Armour
 + Level 4.0 Dodging
 - Level 2.1 Stealth
 + Level 4.9 Shields
 + Level 4.6 Spellcasting
 * Level 10.7 Conjurations
 * Level 9.7 Fire Magic
 * Level 5.6 Air Magic
 + Level 4.6 Evocations


You couldn't memorise any spells.
You knew the following spells:

 Your Spells              Type           Power        Failure   Level  Hunger
a - Flame Tongue          Conj/Fire      #####        1%          1    None
b - Conjure Flame         Conj/Fire      ######..     1%          3    ##.....
c - Sticky Flame          Conj/Fire      ######..     1%          4    ####...
d - Blink                 Tloc           N/A          17%         2    None
e - Mephitic Cloud        Conj/Pois/Air  ####....     1%          3    ##.....
f - Fireball              Conj/Fire      ######....   1%          5    #####..
g - Shroud of Golubria    Chrm/Tloc      #.........   17%         2    None


Dungeon Overview and Level Annotations

Branches:
Dungeon (11/15)            Temple (0/1) D:6            Lair (3/8) D:11
    Orc: D:9-12       Swamp: Lair:3-6    Shoals: Lair:3-6     Snake: Lair:3-6
 Spider: Lair:3-6

Altars:
Ashenzari
Fedhas
Kikubaaqudgha
Makhleb
Nemelex Xobeh
Okawaru
Vehumet
Zin
The Shining One

Portals:
Volcano: Lair:3

Annotations:
D:2 Terence


Innate Abilities, Weirdness & Mutations

You are resistant to torment.
You are immune to poison.
Your stone body is very resilient (AC +8).
You resist negative energy.
You are resistant to electric shocks.
You can survive without breathing.
You are immune to petrification.
You are immune to rotting.


Message History

Use which ability? (? or * to list)
Okay, then.
Casting: Flame Tongue
Confirm with . or Enter, or press ? or * to list all spells.
You blink.
You block the lindwurm's attack. The lindwurm claws you.
* * * LOW HITPOINT WARNING * * *
You block the lindwurm's attack.
Casting: Blink
Confirm with . or Enter, or press ? or * to list all spells.
Aiming: Sticky Flame
Press: ? - help, Shift-Dir - straight line, f/p - lindwurm
Aim: a lindwurm (moderately wounded, catching its breath)
The sticky flame hits the lindwurm.
The lindwurm appears unharmed.
The lindwurm is moderately wounded.
The lindwurm is covered in liquid flames!
The lindwurm burns!
The lindwurm breathes flames at you. The blast of flame hits you!
Ouch! That really hurt!
You die...

,**,,,**,,,,,##..≈.# #.....,,,*
,,*,,*****,,,#..≈≈.# #....,*,,*
,**,,* **,,,##.§..# *.,,,*,*,**
**,,** *,*,,*#.≈.## *,,,,,,*,,*
,*,,* ****,*#.≈..# *,,,,,,**,**
,,,,*** **,*#.≈≈.# *,**,,,**,,,
*,,,,,* ***,,*#..≈.##****,,,,,,,,
*,,,,,***,,,,,##.§..#****,,,,,,,,
,,,,,,,*,,,,,**#@§§§#*,*****,,,,,
,,*,**,,,,,*,* #!k§.#*,,***,,,,,,
,,**,,,,,,,*** #..≈.#*,,,,,,,,,,,
,,,,,,,,*,,,** #.≈≈.#**,,,,,,,,,,
,,****,,*,,,,* #.≈..#**,,,,,,,,,,
,** *,,,,**,,* #.≈∩##*,**,,,,,,>,
,* **,,***,,,**#####**,**,,,,,,,,
,***,,,* **,,,*******,,,,,,,,,,,,
,,*,*,** *,,**,,,,,,,,,,,,,***,,


You could see a lindwurm (burning).

Vanquished Creatures
  Josephine (D:10)
  2 hydras
  A hill giant (D:10)
  A manticore (D:11)
  2 cyclopes (D:11)
  A black mamba (Lair:1)
  Joseph (D:9)
  A griffon (D:11)
  The ghost of kekRU the Firebug, an experienced GrFE of Vehumet (D:6)
  2 centaur skeletons
  A two-headed ogre (D:11)
  2 trolls
  A deep elf mage (D:11)
  5 slime creatures
  A spriggan (D:7)
  6 wyverns
  A steam dragon (D:9)
  A hill giant zombie (D:10)
  A hungry ghost (D:8)
  3 hippogriffs
  3 water moccasins
  2 orc warriors
  A black bear (D:5)
  4 ice beasts
  2 sky beasts (D:9)
  3 necrophages
  3 phantoms
  4 ogres
  3 porcupines
  A centaur (D:5)
  2 crocodiles (Lair:1)
  Sigmund (D:3)
  2 big kobolds
  11 giant frogs
  An eye of draining (shapeshifter) (D:8)
  3 scorpions
  8 killer bees
  A yak zombie (D:10)
  A troll zombie (D:10)
  A troll skeleton (D:10)
  4 wights (D:6)
  2 crimson imps
  2 goliath beetles
  A quasit (D:7)
  6 hounds
  2 jellies
  A yellow wasp zombie (D:10)
  3 orc priests
  6 worker ants
  A gnoll shaman (D:7)
  6 iguanas
  7 orc wizards
  A killer bee zombie (D:7)
  An ogre skeleton (D:7)
  Ijyb (D:7)
  Jessica (D:2)
  18 adders
  12 gnolls
  A green rat (D:5)
  3 shadow imps
  7 giant mites
  4 worms
  12 giant geckos
  2 oozes
  23 orcs
  13 bats
  3 giant cockroaches
  10 goblins
  16 hobgoblins
  18 jackals
  33 kobolds
  8 quokkas
  3 ball pythons (Sewer)
  6 giant newts
  A giant spore (D:6)
  A goblin skeleton (D:4)
  2 orc skeletons
  18 rats
  A ballistomycete (D:8)
  4 plants (Sewer)
356 creatures vanquished.

Vanquished Creatures (others)
  A giant spore (D:8)
  A fungus (Lair:2)
  A plant (Lair:2)
3 creatures vanquished.

Grand Total: 359 creatures vanquished

Notes
Turn   | Place    | Note
--------------------------------------------------------------
     0 | D:1      | kekRU, the Gargoyle Fire Elementalist, began the quest for the Orb.
     0 | D:1      | Reached XP level 1. HP: 10/10 MP: 3/3
   302 | D:1      | Reached XP level 2. HP: 15/15 MP: 2/4
  1221 | D:1      | Reached XP level 3. HP: 15/19 MP: 0/6
  1226 | D:1      | Learned a level 3 spell: Conjure Flame
  1911 | D:2      | Noticed Terence
  2014 | D:2      | Found a blossoming altar of Fedhas.
  2263 | D:2      | Noticed Jessica
  2266 | D:2      | Killed Jessica
  2266 | D:2      | Reached XP level 4. HP: 24/24 MP: 4/7
  2882 | D:3      | Noticed Sigmund
  3042 | D:3      | Found a burning altar of Makhleb.
  3042 | D:3      | Noticed a green death
  3092 | D:3      | Found a glowing silver altar of Zin.
  3124 | D:3      | Noticed a giant frog
  3177 | D:3      | Killed a giant frog
  3177 | D:3      | Reached skill level 4 in Conjurations
  3177 | D:3      | Reached XP level 5. HP: 28/28 MP: 5/9
  3342 | D:3      | Learned a level 4 spell: Sticky Flame
  3728 | D:3      | Killed Sigmund
  3728 | D:3      | Reached XP level 6. HP: 25/32 MP: 5/10
  4091 | D:2      | Found an ancient bone altar of Kikubaaqudgha.
  4783 | D:4      | Reached skill level 5 in Conjurations
  4783 | D:4      | Reached skill level 5 in Fire Magic
  5210 | D:4      | Found a radiant altar of Vehumet.
  5215 | D:4      | Became a worshipper of Vehumet
  5696 | D:5      | Entered Level 5 of the Dungeon
  6019 | D:5      | Reached XP level 7. HP: 32/36 MP: 9/12
  6047 | D:5      | Found a glowing drain.
  6063 | Sewer    | Entered a sewer
  6480 | Sewer    | Acquired Vehumet's first power
  6480 | Sewer    | Offered knowledge of Shock by Vehumet.
  6485 | Sewer    | Learned a level 1 spell: Shock
  7291 | D:5      | Reached skill level 6 in Conjurations
  8016 | D:5      | Reached skill level 7 in Conjurations
  8016 | D:5      | Reached XP level 8. HP: 15/41 MP: 3/13
  8264 | D:6      | Found a staircase to the Ecumenical Temple.
  8277 | D:6      | Noticed kekRU's ghost (experienced GrFE)
  8280 | D:6      | Found a shattered altar of Ashenzari.
  8295 | D:6      | Killed kekRU's ghost
  8295 | D:6      | Reached skill level 1 in Air Magic
  8310 | D:6      | Reached skill level 1 in Armour
  8354 | D:6      | Offered knowledge of Sandblast by Vehumet.
  8500 | D:6      | Reached skill level 1 in Fighting
  8519 | D:6      | Reached skill level 1 in Shields
  8846 | D:6      | Reached skill level 1 in Maces & Flails
  8846 | D:6      | Reached skill level 1 in Evocations
  9121 | D:6      | Reached skill level 8 in Conjurations
  9121 | D:6      | Reached XP level 9. HP: 45/47 MP: 6/15
  9278 | D:6      | Found a sparkling altar of Nemelex Xobeh.
  9564 | D:6      | Offered knowledge of Static Discharge by Vehumet.
  9877 | D:7      | Acquired Vehumet's second power
 10066 | D:7      | Noticed Ijyb
 10072 | D:7      | Killed Ijyb
 10244 | D:7      | Offered knowledge of Mephitic Cloud by Vehumet.
 10942 | D:8      | Learned a level 3 spell: Mephitic Cloud
 11019 | D:8      | Reached XP level 10. HP: 33/54 MP: 8/18
 11093 | D:8      | Reached skill level 9 in Conjurations
 11240 | D:8      | Acquired Vehumet's third power
 11552 | D:8      | Offered knowledge of Bolt of Draining by Vehumet.
 12408 | D:9      | Found a glowing golden altar of the Shining One.
 12512 | D:9      | Noticed Joseph
 12525 | D:9      | Killed Joseph
 12914 | D:9      | Found an iron altar of Okawaru.
 13559 | D:10     | Entered Level 10 of the Dungeon
 13621 | D:10     | Noticed Josephine
 13906 | D:10     | Offered knowledge of Poison Arrow by Vehumet.
 13970 | D:10     | Reached XP level 11. HP: 43/60 MP: 9/20
 14255 | D:10     | Learned a level 5 spell: Fireball
 14356 | D:10     | Killed Josephine
 14966 | D:10     | Noticed a hill giant
 14983 | D:10     | Killed a hill giant
 14983 | D:10     | Reached skill level 10 in Conjurations
 16583 | D:11     | Reached skill level 5 in Air Magic
 16748 | D:11     | Found a staircase to the Lair.
 17536 | Lair:1   | Entered Level 1 of the Lair of Beasts
 17643 | Lair:1   | Reached skill level 5 in Fighting
 17899 | Lair:1   | Reached skill level 5 in Armour
 18047 | Lair:1   | Reached XP level 12. HP: 68/68 MP: 20/23
 18110 | Lair:1   | Learned a level 2 spell: Blink
 18113 | Lair:1   | Learned a level 2 spell: Shroud of Golubria
 18148 | Lair:1   | Noticed an eight-headed hydra
 18170 | Lair:1   | Killed an eight-headed hydra
 18565 | Lair:2   | Noticed an eight-headed hydra
 19265 | Lair:2   | Killed an eight-headed hydra
 19681 | Lair:3   | Found a dark tunnel.
 19693 | Lair:3   | Killed from afar by a lindwurm

Action                   |  1- 3 |  4- 6 |  7- 9 | 10-12 || total
-------------------------+-------+-------+-------+-------++-------
Melee: Unarmed           |    50 |     1 |       |       ||    51
       Whip              |       |       |   189 |    16 ||   205
 Cast: Flame Tongue      |    63 |   100 |   361 |   494 ||  1018
       Conjure Flame     |     1 |     1 |     1 |       ||     3
       Sticky Flame      |       |     2 |    15 |    52 ||    69
       Shock             |       |       |    16 |    15 ||    31
       Fireball          |       |       |       |     4 ||     4
       Mephitic Cloud    |       |       |       |     1 ||     1
       Shroud of Golubri |       |       |       |     6 ||     6
       Blink             |       |       |       |     3 ||     3
 Abil: Evoke Flight      |       |       |     1 |       ||     1
Evoke: Wand              |       |     3 |     4 |     1 ||     8
  Use: Scroll            |     1 |    10 |     4 |    14 ||    29
       Potion            |       |     1 |       |       ||     1
  Eat: Chunk             |     3 |    10 |    20 |    31 ||    64
       Bread ration      |     1 |       |       |       ||     1
       Fruit             |       |     1 |     2 |     3 ||     6
       Beef jerky        |       |       |       |     2 ||     2
